 Dungeon Crawl Stone Soup version 0.28-a0-422-gd71735cc25 (webtiles) character file.

Game seed: 13038421153580904366

375 frimble the Sneak (level 6, 0/42 HPs)
             Began as an Octopode Venom Mage on Sept 9, 2021.
             Slain by a bullfrog (7 damage)
             ... in a sewer.
             The game lasted 00:05:20 (4596 turns).

frimble the Sneak (Octopode Venom Mage)             Turns: 4596, Time: 00:05:20

Health: 0/42       AC:  1    Str:  7    XL:     6   Next: 73%
Magic:  14/18      EV: 13    Int: 20    God:
Gold:   97         SH:  0    Dex: 12    Spells: 4/9 levels left

rFire   . . .      SeeInvis .   d - +1 dagger (venom)
rCold   . . .      Faith    .   (no shield)
rNeg    . . .      Spirit   .   (helmet restricted)
rPois   .          Reflect  .   (no amulet)
rElec   .          Harm     .   g - ring of magical power
rCorr   .          Rampage  .   (no ring)
Will    .....                   (no ring)
Stlth   +++++.....              (no ring)
HPRegen 0.14/turn               (no ring)
MPRegen 0.16/turn               (no ring)
                                (no ring)
                                (no ring)

@: no status effects
A: almost no armour, amphibious, 8 rings, camouflage 1, gelatinous body 1,
nimble swimmer 1, tentacles
a: no special abilities


You were in a sewer.
You visited 1 branch of the dungeon, and saw 4 of its levels.
You also visited: Sewer.

You collected 97 gold pieces.

Inventory:

Hand Weapons
 d - a +1 dagger of venom (weapon)
Missiles
 a - 14 poisoned darts
Jewellery
 g - a ring of magical power (left tentacle)
Scrolls
 b - a scroll of fear {unknown}
 c - 2 scrolls of enchant weapon
 e - a scroll of silence
 f - a scroll of enchant armour
 h - a scroll of amnesia {unknown}


   Skills:
 + Level 3.0 Fighting
 + Level 2.5 Short Blades
 - Level 2.1 Dodging
 + Level 5.5 Stealth
 - Level 2.1 Spellcasting
 - Level 1.2 Transmutations
 + Level 5.4 Poison Magic


You had 4 spell levels left.
You knew the following spells:

 Your Spells              Type           Power      Damage    Failure   Level
a - Sting                 Tmut/Pois      60%        1d6       4%          1
b - Olgreb's Toxic Radia  Pois           24%        N/A       16%         4

Your spell library contained the following spells:

 Spells                   Type           Power      Damage    Failure   Level
 Poisonous Vapours        Pois/Air       26%        N/A       8%          2
 Mephitic Cloud           Conj/Pois/Air  9%         N/A       22%         3
 Fireball                 Conj/Fire      1%         3d3       99%         5
 Starburst                Conj/Fire      1%         6d3       100%        6
 Ignition                 Fire           1%         3d3       100%        8


Dungeon Overview and Level Annotations

Branches:
Dungeon (4/15)              Sewer (1/1)
 Temple: D:4-7

Altars:
Ru
Trog

Shops:
D:2 *


Innate Abilities, Weirdness & Mutations

You cannot wear most types of armour.
You are amphibious.
You can wear up to eight rings at the same time.
Your skin changes colour to match your surroundings (Stealth+).
Your rubbery body absorbs attacks. (AC +1, EV +1)
You are camouflaged near water. (Stealth+)
You have tentacles for arms and can constrict up to eight enemies at once.


Message History

The spell is quite dangerous to cast (16% risk of failure)!
Continue anyway?
You begin to radiate toxic energy.
The ball python is poisoned.
The bullfrog is poisoned.
The ball python is poisoned. x2
The bullfrog is poisoned.
The ball python is poisoned. x2
You kill the ball python!
The ball python looks even sicker.
The bullfrog looks even sicker.
You kill the ball python!
The ball python barely misses you. x2; The bullfrog closely misses you.
Unknown command.
You kill the ball python! x3
Your toxic aura wanes.
The bullfrog hits you. The bullfrog closely misses you.
Your Fighting skill increases to level 3!
The bullfrog hits you. x2; The bullfrog hits you!
* * * LOW HITPOINT WARNING * * *
You aren't carrying any potions.
Okay, then.
Unknown command.
Unknown command.
Unknown command.
Unknown command.
Unknown command.
Unknown command.
Unknown command.
Unknown command.
Unknown command.
You aren't carrying any potions.
Unknown command.
Okay, then.
Unknown command.
You aren't carrying any potions.
You aren't carrying any items that you can evoke.
Okay, then.
Unknown command.
You aren't carrying any potions.
Unknown command.
Okay, then.
Unknown command.
The bullfrog hits you!
You die...

#######################
#...#≈≈≈≈≈≈≈≈≈≈≈≈≈≈≈#.###
.....≈≈≈≈≈≈..≈#≈≈≈≈≈....##
.....≈≈≈≈≈≈≈≈#≈≈≈≈≈≈.....#
....≈≈††F≈≈≈≈≈≈≈≈≈≈≈≈....#
....≈≈†J≈≈≈≈≈≈≈≈≈≈≈≈≈....##
#....≈≈≈≈F@≈≈≈≈≈≈≈≈≈......#
#+####################†...#
####...# #..#.... #..'....
#####... ##.†.#
####################†...#
###..≈≈≈≈≈≈≈≈≈#≈≈≈≈≈....†.#


You could see 2 bullfrogs and an endoplasm.

Vanquished Creatures
  A hound (D:3)
  Crazy Yiuf (D:2)
  An iguana (D:4)
  12 adders
  A gnoll (D:1)
  8 river rats
  3 worms
  A dart slug (D:3)
  17 ball pythons
  7 bats
  8 endoplasms
  4 giant cockroaches
  5 goblins
  3 hobgoblins
  2 jackals (D:1)
  3 kobolds
  A quokka (D:4)
  5 frilled lizards
  26 rats
109 creatures vanquished.

Notes
Turn   | Place    | Note
-------+----------+-------------------------------------------
     0 | D:1      | frimble the Octopode Venom Mage began the quest for the
                  | Orb.
     0 | D:1      | Reached XP level 1. HP: 11/11 MP: 3/3
    32 | D:1      | Reached XP level 2. HP: 13/17 MP: 1/5
   112 | D:2      | Found a bloodstained altar of Trog.
   339 | D:2      | Found Wunnoumn's General Store.
   764 | D:2      | Reached XP level 3. HP: 18/22 MP: 2/6
   840 | D:2      | Found a runed translucent door.
   841 | D:2      | Noticed Crazy Yiuf
   877 | D:2      | Reached skill level 1 in Fighting
  1697 | D:2      | Killed Crazy Yiuf
  1698 | D:2      | Reached XP level 4. HP: 15/28 MP: 3/7
  1938 | D:1      | Learned a level 4 spell: Olgreb's Toxic Radiance
  1975 | D:1      | Reached skill level 1 in Short Blades
  3147 | D:3      | Reached XP level 5. HP: 29/34 MP: 8/8
  3679 | D:4      | Found a sacrificial altar of Ru.
  3802 | D:4      | Reached skill level 5 in Poison Magic
  3876 | D:4      | Reached XP level 6. HP: 9/41 MP: 9/9
  3881 | D:4      | Reached skill level 5 in Stealth
  3985 | D:4      | Found a glowing drain.
  3993 | Sewer    | Entered a sewer
  4596 | Sewer    | Slain by a bullfrog

Illustrated notes

Levels and vault maps discovered:
D:1:      roderic_chinese_lattice_arrival, layout_basic,
          hangedman_abyss_or_decor_stabs, minmay_misc_feat_plants,
          minmay_pentomino_q4
D:2:      layout_loops_ring, serial_shops, shop, basic_altar,
          uniq_crazy_yiuf_cottage
D:3:      layout_loops_cross
D:4:      layout_basic, nicolae_ru_great_annihilating_truth,
          lightli_sewer_entry_pipes, serial_shops, nicolae_stop_n_shop_2,
          uniq_ijyb
Sewer:    sewer_minmay_w

Skill      XL: |  1  2  3  4  5  6 |
---------------+-------------------+-----
Stealth        | 3 4 5 |  5.5
Poison Magic   | 4 5 |  5.4
Fighting       | 1 2 3 |  3.0
Short Blades   | 1 2 |  2.5
Dodging        | |  2.1
Spellcasting   | |  2.1
Transmutations | |  1.2

Action                   |  1- 3 |  4- 6 || total
-------------------------+-------+-------++-------
Melee: Unarmed           |    31 |       ||    31
       Tentacles         |     5 |    14 ||    19
       Constrict         |     6 |    26 ||    32
       Dagger            |    10 |   127 ||   137
 Cast: Sting             |    18 |    10 ||    28
       Olgreb's Toxic Ra |       |     6 ||     6
  Use: Scroll            |     4 |     3 ||     7
       Potion            |       |     3 ||     3
 Stab: Sleeping          |     5 |    14 ||    19
       Invisible         |       |     1 ||     1
       Paralysed         |       |     1 ||     1
Armor: Skin              |     9 |    14 ||    23
Dodge: Dodged            |    32 |    95 ||   127

Table legend: (Time is in decaauts)
 A = Elapsed time spent in this place.
 B = Non-inter-level travel time spent in this place.
 C = Inter-level travel time spent in this place.
 D = Time resting spent in this place.
 E = Time spent auto-exploring this place.
 F = Levels seen in this place.
 G = Mean time per level.
                   A        B        C        D        E       F      G
               +--------+--------+--------+--------+--------+-----+--------+
         Total |   4586 |   4439 |    147 |     74 |   3666 |   5 |  917.2 |
       Dungeon |   3986 |   3839 |    147 |     74 |   3143 |   4 |  996.5 |
         Sewer |    599 |    599 |      0 |      0 |    523 |   1 |  599.0 |
               +--------+--------+--------+--------+--------+-----+--------+

Top non-repeatable levels by time:
     D:2: 1877 daAuts
     D:1: 1092 daAuts
     D:3: 641 daAuts
   Sewer: 599 daAuts
     D:4: 374 daAuts
